 Dungeon Crawl Stone Soup version 0.31.0-32-g396128a36d (webtiles) character file.

Game seed: 16150684001083627507

33572 dorian the Covert (level 13, -10/72 HPs)
             Began as a Vine Stalker Brigand on Mar 15, 2024.
             Was an Elder of Uskayaw.
             Mangled by a frost giant
             ... wielding a +2 battleaxe of freezing
              (23 damage)
             ... in an ice cave.
             The game lasted 00:30:28 (9516 turns).

dorian the Covert (Vine Stalker Brigand)            Turns: 9516, Time: 00:30:28

Health: -10/72     AC: 10    Str: 19    XL:     13   Next: 71%
Magic:  0/22       EV: 24    Int: 11    God:    Uskayaw [****..]
Gold:   306        SH:  0    Dex: 38    Spells: 12/12 levels left

rFire   . . .        u - +9 dagger "Pyinor" {elec, rElec rC+ Dex+7}
rCold   + + +        (no shield)
rNeg    . . .        Y - +1 leather armour "Deasm" {Rampage rC++ Dex-2 Stlth+}
rPois   .            Q - +2 helmet of Joy {rC+ Str+5}
rElec   +            c - +1 cloak
rCorr   .            (no gloves)
SInv    .            X - +0 pair of boots
Will    +....        K - amulet of regeneration
Stlth   +++++++      N - +6 ring of dexterity
HPRegen 1.92/turn    U - +6 ring of dexterity
MPRegen 0.18/turn

%: guardian spirit, rampage
@: no status effects
A: fangs 3, regeneration 1, magic shield, antimagic bite, no potion heal 2
a: Renounce Religion, Stomp, Line Pass


You were in an ice cave.
You worshipped Uskayaw.
Uskayaw was aware of your devotion.
You visited 2 branches of the dungeon, and saw 14 of its levels.
You also visited: Ossuary and Ice Cave.

You collected 876 gold pieces.
You spent 570 gold pieces at shops.

Inventory:

Hand Weapons
 a - a +3 dagger
 s - the +6 mace of Destiny {vamp, rElec rN+ rCorr}
   (You found it on level 4 of the Dungeon)

   rElec:     It insulates you from electricity.
   rN+:       It protects you from negative energy.
   rCorr:     It protects you from acid and corrosion.
 u - the +9 dagger "Pyinor" (weapon) {elec, rElec rC+ Dex+7}
   (You found it on level 2 of the Dungeon)

   Dex+7:     It affects your dexterity (+7).
   rC+:       It protects you from cold.
   rElec:     It insulates you from electricity.
 C - a +2 short sword of holy wrath
 D - a +2 dagger of speed
Missiles
 e - 5 curare-tipped darts
 l - 51 poisoned darts (quivered)
 S - 3 throwing nets
Armour
 c - a +1 cloak (worn)
 f - a +1 chain mail of cold resistance
 g - the +0 helmet "Cuqeph" {rF+ Int+4}
   (You found it on level 2 of the Dungeon)

   Int+4:     It affects your intelligence (+4).
   rF+:       It protects you from fire.
 G - a +2 scale mail of cold resistance
 M - a +2 leather armour of fire resistance
 Q - the +2 helmet of Joy (worn) {rC+ Str+5}
   (You found it on level 10 of the Dungeon)

   Str+5:     It affects your strength (+5).
   rC+:       It protects you from cold.
 X - a +0 pair of boots (worn)
 Y - the +1 leather armour "Deasm" (worn) {Rampage rC++ Dex-2 Stlth+}
   (You bought it in a shop on level 11 of the Dungeon)

   Dex-2:     It affects your dexterity (-2).
   rC++:      It greatly protects you from cold.
   Rampage:   It bestows one free step when moving towards enemies.
   Stlth+:    It makes you more stealthy.
Jewellery
 b - an amulet of the acrobat
 K - an amulet of regeneration (around neck)
 N - a +6 ring of dexterity (left hand)
 O - the ring "Uwkoixiq" {rElec rC- rCorr Str+3}
   (You acquired it on level 10 of the Dungeon)

   [ring of resist corrosion]

   Str+3:     It affects your strength (+3).
   rC-:       It makes you vulnerable to cold.
   rElec:     It insulates you from electricity.
   rCorr:     It protects you from acid and corrosion.
 U - a +6 ring of dexterity (right hand)
Wands
 d - a wand of polymorph (7)
 n - a wand of roots (12)
 v - a wand of digging (5)
 I - a wand of flame (44)
 R - a wand of light (4)
 T - a wand of charming (2)
 W - a wand of mindburst (15)
Scrolls
 m - 2 scrolls of enchant armour
 o - 2 scrolls of enchant weapon
 t - a scroll of teleportation
 x - 3 scrolls of immolation
 z - 5 scrolls of blinking
 F - 3 scrolls of vulnerability
 P - a scroll of butterflies
Potions
 h - 4 potions of haste
 i - 2 potions of heal wounds {unknown}
 j - 3 potions of enlightenment
 p - 6 potions of ambrosia
 q - 5 potions of curing
 r - a potion of lignification {unknown}
 w - 2 potions of mutation {unknown}
 y - a potion of magic {unknown}
 A - 2 potions of brilliance {unknown}
 B - 6 potions of attraction
 E - 2 potions of cancellation {unknown}
 H - 3 potions of degeneration
 V - 2 potions of invisibility {unknown}
Miscellaneous
 k - a condenser vane


   Skills:
 + Level 10.6 Fighting
 - Level 10.3 Short Blades
 - Level 1.7 Throwing
 + Level 9.1 Dodging
 + Level 11.8 Stealth
 + Level 10.8 Invocations


You had 12 spell levels left.
You didn't know any spells.
Your spell library contained the following spells:

 Spells                   Type           Power      Damage    Failure   Level
 Kiss of Death            Conj/Necr      0%         2d5       38%         1
 Slow                     Hex            0%         N/A       38%         1
 Summon Small Mammal      Summ           0%         N/A       38%         1
 Cigotuvi's Dreadful Rot  Necr/Alch/Air  0%         N/A       54%         2
 Call Canine Familiar     Summ           0%         N/A       77%         3
 Confusing Touch          Hex            0%         N/A       77%         3
 Sigil of Binding         Hex            0%         N/A       77%         3
 Vampiric Draining        Necr           0%         2d6       77%         3
 Dispel Undead            Necr           0%         3d6       99%         4
 Ignite Poison            Fire/Alch      0%         N/A       99%         4
 Summon Blazeheart Golem  Fire/Summ      0%         N/A       99%         4
 Freezing Cloud           Conj/Ice/Air   0%         6-21      100%        5


Dungeon Overview and Level Annotations

Branches:
Dungeon (13/15) Zot: 26777  Temple (1/1) D:4 Zot: 5987    Lair (0/5) D:9
    Orc (0/2) D:12        Ossuary (visited)           IceCv (1/1) Zot: 5650
 Vaults: D:13-14

Altars:
Ashenzari
Cheibriados
Dithmenos
Elyvilon
Fedhas
Gozag
Hepliaklqana
Kikubaaqudgha
Makhleb
Nemelex Xobeh
Okawaru
Qazlal
Ru
Sif Muna
Trog
Uskayaw
Vehumet
Wu Jian
Xom
Yredelemnul
Zin
The Shining One
Ignis

Shops:
D:1 [   D:11 [

Annotations:
D:3 Ijyb


Innate Abilities, Weirdness & Mutations

You have razor-sharp teeth.
Your natural rate of healing is unusually fast.
When hurt, damage is shared between your health and your magic reserves.
Your bite disrupts and absorbs the magic of your enemies.
Potions cannot restore your health.


Message History

You are too injured to fight recklessly!
You are too injured to fight recklessly!
You are too injured to fight recklessly!
You are too injured to fight recklessly!
You hit the frost giant. You bite the frost giant.
The frost giant's magic leaks into the air.
You drain its magic.
You feel invigorated.
The frost giant is moderately wounded.
You hit the death yak but do no damage.
Lightning courses through the death yak!
You kill the death yak!
The frost giant hits you with a +2 battleaxe of freezing!!!
* * * LOW HITPOINT WARNING * * *
The frost giant freezes you.
* * * LOW HITPOINT WARNING * * *
You can now merge with and destroy a victim.
You puncture the frost giant!
The frost giant is heavily wounded.
You barely miss the frost giant. You bite the frost giant!
The frost giant's magic leaks into the air.
You drain its magic.
You feel invigorated.
The frost giant is severely wounded.
The frost giant hits you with a +2 battleaxe of freezing!
* * * LOW HITPOINT WARNING * * *
The frost giant freezes you.
* * * LOW HITPOINT WARNING * * *
Aiming: Line Pass
Press: ? - help, Dir - move target The frost giant appears confused.
Found 20 gold pieces.
You can no longer merge with and destroy a victim.
You rampage towards the frost giant!
Found the +6 arbalest "Damnation" {damnation}.
You puncture the frost giant!
The frost giant is severely wounded.
You hit the frost giant.
Lightning courses through the frost giant!!
You bite the frost giant, but do no damage.
The frost giant is almost dead.
The frost giant hits you with a +2 battleaxe of freezing!!
You die...

###..#.##..#.#..≈≈≈≈≈≈≈≈≈###
###.#####..##.#≈≈≈≈≈≈≈≈#..
### ###....#≈≈≈≈≈≈##..
####†###≈≈≈##..# ##..# ###.
###..## ## ###...## #.
###....## ## #..@C.##
#......# #....†...#
#.##.......$$ .. ####...$$$)
.# #.$$$$))} #########


You could see a frost giant (confused, pain bonded, magic disrupted).

Vanquished Creatures
  Harold (D:10)
  Erica (D:9)
  A boulder beetle (D:12)
  6 death yaks (IceCv)
  4 two-headed ogres
  A deep elf pyromancer (D:13)
  4 ugly things (D:11)
  4 manticores
  3 cyclopes
  An ice statue (IceCv)
  A gargoyle (D:12)
  Jeremiah (D:7)
  An unseen horror (D:11)
  A komodo dragon (D:12)
  4 trolls
  11 polar bears (IceCv)
  A vampire (D:11)
  2 wyverns
  14 slime creatures
  A shadow (D:9)
  47 yaks
  A steam dragon (D:7)
  10 vampire mosquitoes
  Menkaure (D:4)
  2 water moccasins
  An ice beast (D:6)
  A black bear (D:6)
  3 orc warriors
  2 sky beasts (D:7)
  2 ogres
  2 centaurs
  14 wolves (IceCv)
  5 kobold brigands
  2 bullfrogs
  4 elf zombies (Ossuary)
  2 gnoll sergeants (D:7)
  2 scorpions
  2 elephant simulacra (D:12)
  5 killer bees (D:8)
  3 howler monkeys
  2 bombardier beetles
  2 centaur zombies (Ossuary)
  4 hounds
  A jelly (D:6)
  A gnoll bouda (D:6)
  3 orc priests
  2 sleepcaps
  3 iguanas
  19 orc wizards
  A spriggan simulacrum (D:12)
  3 troll simulacra (D:12)
  A polar bear simulacrum (D:12)
  8 hound zombies (Ossuary)
  2 mummies (Ossuary)
  17 gnolls
  9 adders
  A naga simulacrum (D:12)
  2 shadow imps (D:6)
  3 white imps
  7 adder zombies (Ossuary)
  A dart slug (D:2)
  2 ribbon worms
  50 orcs
  4 endoplasms
  3 giant cockroaches (D:2)
  11 goblins
  18 hobgoblins
  2 jackals (D:1)
  7 quokkas
  7 ball pythons
  5 bats
  3 frilled lizards
  4 gnoll zombies (Ossuary)
  6 jackal zombies (Ossuary)
  28 kobolds
  3 kobold zombies (Ossuary)
  3 orc zombies (Ossuary)
  3 rats
425 creatures vanquished.

Notes
Turn   | Place    | Note
-------+----------+-------------------------------------------
     0 | D:1      | dorian the Vine Stalker Brigand began the quest for the
                  | Orb.
     0 | D:1      | Reached XP level 1. HP: 11/11 MP: 2/2
   121 | D:1      | Reached XP level 2. HP: 15/15 MP: 3/3
   401 | D:1      | Found Alucefaf's Armour Emporium.
   669 | D:2      | Found a faded altar of an unknown god.
   686 | D:2      | Reached XP level 3. HP: 18/18 MP: 4/4
   778 | D:2      | Found a burning altar of Makhleb.
   859 | D:2      | Reached XP level 4. HP: 21/23 MP: 5/5
   983 | D:2      | Identified the +0 helmet "Cuqeph" {rF+ Int+4}
  1161 | D:2      | Identified the +9 dagger "Pyinor" {elec, rElec rC+ Dex+7}
  1393 | D:3      | Found a shadowy altar of Dithmenos.
  1401 | D:3      | Reached XP level 5. HP: 28/28 MP: 6/6
  1498 | D:3      | Noticed Ijyb
  2027 | D:4      | Identified the +6 mace of Destiny {vamp, rElec rN+ rCorr}
  2152 | D:4      | Reached XP level 6. HP: 32/32 MP: 7/7
  2185 | D:4      | Found a staircase to the Ecumenical Temple.
  2194 | Temple   | Entered the Ecumenical Temple
  2200 | Temple   | Became a worshipper of Uskayaw the Reveller
  2214 | D:4      | Noticed Menkaure
  2257 | D:4      | Reached * piety under Uskayaw
  2343 | D:4      | Reached ** piety under Uskayaw
  2345 | D:4      | Killed Menkaure
  2345 | D:4      | Reached *** piety under Uskayaw
  2346 | D:4      | Reached skill level 5 in Short Blades
  2346 | D:4      | Reached skill level 1 in Invocations
  2421 | D:4      | Found a snail-covered altar of Cheibriados.
  2421 | D:4      | Found a shimmering altar of Xom.
  2556 | D:1      | Bought a +2 leather armour of fire resistance for 209 gold
                  | pieces
  2617 | D:5      | Entered Level 5 of the Dungeon
  2636 | D:5      | Noticed a yak
  2639 | D:5      | Noticed a yak
  2640 | D:5      | Noticed a yak
  2651 | D:4      | Killed a yak
  2652 | D:4      | Reached skill level 1 in Dodging
  2652 | D:4      | Reached XP level 7. HP: 25/37 MP: 6/9
  2725 | D:5      | Noticed a yak
  2728 | D:5      | Killed a yak
  2780 | D:5      | Killed a yak
  2781 | D:5      | Gained mutation: You have razor-sharp teeth. [Vine Stalker
                  | growth]
  2781 | D:5      | Reached XP level 8. HP: 40/42 MP: 7/11
  2781 | D:5      | Reached **** piety under Uskayaw
  2783 | D:5      | Reached ***** piety under Uskayaw
  2786 | D:5      | Killed a yak
  3204 | D:6      | Found an ornate altar of the Wu Jian Council.
  3293 | D:6      | Found a stormy altar of Qazlal.
  3321 | D:6      | Reached skill level 5 in Fighting
  3467 | D:6      | Reached XP level 9. HP: 47/47 MP: 11/13
  3749 | D:6      | Found a sand-covered staircase.
  3758 | Ossuary  | Entered an ossuary
  4354 | D:7      | Reached skill level 5 in Invocations
  4633 | D:7      | Noticed Jeremiah
  4640 | D:7      | Killed Jeremiah
  4641 | D:7      | Reached XP level 10. HP: 53/53 MP: 13/15
  4723 | D:7      | Found a broken altar of Ashenzari.
  5042 | D:7      | Found a shimmering blue altar of Sif Muna.
  5812 | D:9      | Found a white marble altar of Elyvilon.
  5863 | D:9      | Noticed Erica
  6002 | D:9      | Reached skill level 5 in Dodging
  6018 | D:9      | Reached ****** piety under Uskayaw
  6207 | D:9      | Found a staircase to the Lair.
  6273 | D:9      | Found a glowing golden altar of the Shining One.
  6298 | D:9      | Reached skill level 10 in Short Blades
  6320 | D:9      | Found a blossoming altar of Fedhas.
  6569 | D:9      | Killed Erica
  6570 | D:9      | Reached XP level 11. HP: 56/58 MP: 15/17
  6674 | D:9      | Reached skill level 5 in Stealth
  6864 | D:10     | Entered Level 10 of the Dungeon
  6952 | D:10     | Reached skill level 6 in Stealth
  7039 | D:10     | Identified the +2 helmet of Joy {rC+ Str+5}
  7167 | D:10     | Noticed Harold
  7174 | D:10     | Killed Harold
  7188 | D:10     | Noticed a two-headed ogre
  7200 | D:10     | Killed a two-headed ogre
  7857 | D:10     | Identified a scroll of acquirement
  7857 | D:10     | Acquired the ring "Uwkoixiq" {rElec rC- rCorr Str+3}
  7939 | D:11     | Noticed a manticore
  7961 | D:11     | Reached skill level 7 in Stealth
  7982 | D:11     | Noticed a brown ugly thing
  7983 | D:11     | Noticed a purple ugly thing
  8003 | D:11     | Noticed a manticore
  8014 | D:11     | Killed a manticore
  8119 | D:11     | Noticed a brown ugly thing
  8134 | D:11     | Killed a brown ugly thing
  8220 | D:11     | Killed a manticore
  8233 | D:11     | Reached XP level 12. HP: 48/65 MP: 13/19
  8288 | D:11     | Noticed a two-headed ogre
  8295 | D:11     | Killed a two-headed ogre
  8296 | D:11     | Reached skill level 8 in Stealth
  8331 | D:11     | Found Fuvunan's Armour Shoppe.
  8344 | D:11     | Bought the +1 leather armour "Deasm" {Rampage rC++ Dex-2
                  | Stlth+} for 361 gold pieces
  8616 | D:11     | Identified the +1 quarterstaff of Intuition {pain, rF+
                  | Will+ Str+4}
  8707 | D:11     | Noticed a two-headed ogre
  8718 | D:11     | Killed a two-headed ogre
  8778 | D:12     | Noticed a boulder beetle
  8781 | D:12     | Killed a boulder beetle
  8782 | D:12     | Reached skill level 9 in Stealth
  8784 | D:12     | Noticed a boulder beetle
  8802 | D:12     | You fall into a shaft and drop 1 floor!
  8914 | D:12     | Noticed a two-headed ogre
  8919 | D:12     | Killed a two-headed ogre
  8978 | D:12     | Reached skill level 10 in Stealth
  8995 | D:12     | Found a staircase to the Orcish Mines.
  9024 | D:12     | Reached XP level 13. HP: 57/71 MP: 18/21
  9058 | D:12     | Found a frozen archway.
  9064 | D:12     | Reached skill level 10 in Invocations
  9089 | IceCv    | Entered an ice cave
  9106 | IceCv    | Reached skill level 10 in Fighting
  9202 | IceCv    | Reached skill level 11 in Stealth
  9501 | IceCv    | Noticed a frost giant
  9515 | IceCv    | Found the +6 arbalest "Damnation" {damnation}
  9516 | IceCv    | Mangled by a frost giant

Illustrated notes

Levels and vault maps discovered:
D:1:      sevenhm_arrival_forest_fort_small_4, layout_loops_cross, serial_shops,
          nicolae_shop_hallway_stairs, minmay_misc_feat_nine_boxes
D:2:      minmay_spotlight, layout_rooms, dreamdust_ecumenical_altar_grove,
          basic_altar
D:3:      layout_loops_ring, mainiacjoe_overflow_six_doors_small, uniq_ijyb
D:4:      layout_cave_pools, nicolae_overflow_two_pavilions,
          minmay_temple_entry_ruins, uniq_menkaure
D:5:      minmay_angry_zag, layout_rooms
D:6:      corexii_shantytown, layout_loops_ring, mainiacjoe_overflow_boulevard,
          nicolae_qazlal_eye_of_the_storm, nicolae_ossuary_entry_ruins,
          minmay_misc_feat_enclosed
D:7:      layout_cave_pods, mainiacjoe_overflow_catwalk,
          nicolae_sif_muna_condensation, uniq_jeremiah
D:8:      layout_loops_cross, kennysheep_generic_room_13
D:9:      layout_loops_ring, amcnicky_altar_gilded,
          mainiacjoe_overflow_surrounded_room, fedhas_bush_and_centaur_altar,
          lair_entry_dummy, serial_aquarium, aquarium_bridge_square
          [aquarium_subvault_wall, aquarium_subvault_bridge,
          aquarium_subvault_wall, aquarium_subvault_balcony],
          aquarium_bridge_square [aquarium_subvault_window,
          aquarium_subvault_balcony, aquarium_subvault_bridge,
          aquarium_subvault_window], aquarium_window_1, aquarium_window_2,
          aquarium_view_2c, aquarium_balcony_3a, aquarium_pool_side, uniq_erica
D:10:     layout_layer_cave, uniq_harold
D:11:     layout_gridville, serial_shops, shop, minmay_mirror_moons_of_madness
D:12:     layout_rooms, erik_orc_3, portal_ice_cave_entry_ice_simulacra,
          uniq_maurice, uniq_nessos
D:13:     nicolae_BIG_FREAKIN_CUBE, layout_irregular_city, serial_glass,
          glass_columns_b, glass_columns_a, minmay_strange_pillars,
          due_unseen_surprise, nicolae_trove_entry_path_of_doom, minivault_5,
          uniq_lodul, uniq_urug
Temple:   pdpol_scorched_temple
IceCv:    ice_cave_caverns_02

Skill      XL: |  1  2  3  4  5  6  7  8  9 10 11 12 13 |
---------------+----------------------------------------+-----
Short Blades   | 2 3 4 5 6 7 8 10 | 10.3
Fighting       | 2 3 4 5 6 7 8 9 10 | 10.6
Invocations    | 1 2 4 5 6 8 9 10 | 10.8
Dodging        | 1 2 3 4 5 6 8 9 |  9.1
Stealth        | 7 10 11 | 11.8
Throwing       | |  1.7

Action                     |  1- 3 |  4- 6 |  7- 9 | 10-12 | 13-15 || total
---------------------------+-------+-------+-------+-------+-------++-------
  Melee: Dagger            |    88 |   136 |   265 |   422 |   186 ||  1097
         Bite              |    18 |    38 |    71 |   140 |    76 ||   343
         Punch             |     1 |     1 |     1 |     7 |     3 ||    13
         Unarmed           |       |       |       |     3 |       ||     3
 Invoke: Line Pass         |       |       |       |       |     1 ||     1
  Evoke: Wand              |       |       |       |     8 |       ||     8
    Use: Scroll            |       |    11 |     4 |     6 |       ||    21
         Potion            |       |     1 |       |     1 |       ||     2
   Stab: Sleeping          |     4 |     6 |    12 |     9 |     4 ||    35
         Distracted        |       |     2 |     2 |     6 |     1 ||    11
         Paralysed         |       |       |    11 |    33 |    20 ||    64
 Armour: Robe              |    21 |       |       |       |       ||    21
         Ring mail         |    24 |    49 |       |       |       ||    73
         Leather armour    |       |     6 |    80 |   115 |    50 ||   251
         Skin              |       |       |       |     1 |       ||     1
  Dodge: Dodged            |    64 |    64 |   131 |   208 |   102 ||   569
